AoeStats
← 文風

Arena

509661104Analyzed
3v3 RM · 5d ago on Sep 27, 2026· 36m 6s· 6 players
Game mode
Random Map
Map size
Normal (6 player)
Population
200
Speed
Normal
Resources
Standard
Victory
Conquest
Starting age
Dark Age
Ending age
Imperial Age
RankedLock teamsTeams togetherTeam positionsShared explorationLock speedFull tech treeHidden civsTurbo modeCheats
Victory
Defeat
🇭🇰 Poles · Hong Kong SAR China
1468
+16
🇭🇰 Turks · Hong Kong SAR China
1433
+17
🇭🇰 Poles · Hong Kong SAR China
1420
+18
🇨🇳 Varangians · China
1543
-21
🇨🇳 Malay · China
1439
-16
🇨🇳 Britons · China
1397
-14
文風
11:29 Feudal Age
12:19 Double-Bit Axe
12:29 Horse Collar
15:26 Castle Age
13:21 Horse Collar
15:37 Loom
22:57 Imperial Age
20:54 Fletching
22:41 Bow Saw
22:32 Bodkin Arrow
22:53 Heavy Plow
25:25 Chemistry
26:17 Ballistics
26:26 Loom
27:16 Wheelbarrow
27:42 Squires
28:21 Pikeman
29:35 Scale Mail Armor
29:35 Bracer
32:39 Chain Mail Armor
34:41 Plate Mail Armor
屌炸天
10:25 Feudal Age
14:36 Castle Age
13:08 Double-Bit Axe
13:36 Horse Collar
22:04 Imperial Age
20:38 Bow Saw
23:12 Gold Mining
29:36 Padded Archer Armor
36:35 Leather Archer Armor
LinG寶寶
12:33 Feudal Age
16:04 Castle Age
14:11 Double-Bit Axe
14:32 Horse Collar
16:59 Bow Saw
19:10 Wheelbarrow
20:51 Szlachta Privileges
21:21 Gold Mining
22:10 Bloodlines
22:54 Scale Barding Armor
24:46 Chain Barding Armor
25:26 Hand Cart
26:00 Forging
25:52 Husbandry
34:38 Imperial Age
32:46 Iron Casting
34:45 Cavalier
35:48 Conscription
36:29 Blast Furnace
Zilove_
11:12 Feudal Age
11:39 Double-Bit Axe
12:09 Horse Collar
14:57 Castle Age
15:58 Bow Saw
16:25 Wheelbarrow
17:12 Wheelbarrow
22:34 Hand Cart
24:56 Gold Mining
25:01 Stone Mining
25:40 Heavy Plow
25:59 Scale Mail Armor
26:10 Forging
25:58 Loom
28:50 Imperial Age
26:45 Scale Mail Armor
26:55 Forging
27:22 Squires
27:11 Arson
27:13 Gambesons
28:28 Chain Mail Armor
28:07 Town Watch
29:59 Stone Shaft Mining
30:14 Plate Mail Armor
30:20 Iron Casting
29:23 Elite Varangian Guard
32:03 Scale Barding Armor
32:39 Light Cavalry
34:12 Conscription
抹茶gap人
9:18 Feudal Age
9:17 Double-Bit Axe
9:13 Horse Collar
12:40 Loom
15:22 Castle Age
15:24 Bow Saw
18:11 Loom
19:22 Wheelbarrow
23:52 Hand Cart
28:30 Imperial Age
27:31 Forging
27:29 Scale Barding Armor
29:49 Chemistry
29:10 Forging
34:29 Husbandry
34:46 Gold Mining
小西
10:15 Feudal Age
11:31 Double-Bit Axe
14:34 Castle Age
12:48 Horse Collar
15:37 Bow Saw
15:17 Loom
16:25 Wheelbarrow
19:47 Town Watch
20:35 Fletching
23:00 Bodkin Arrow
22:45 Crossbowman
24:10 Padded Archer Armor
25:28 Leather Archer Armor
26:13 Ballistics
27:23 Yeomen
28:05 Stone Mining
30:44 Gold Mining
33:11 Hand Cart
Connection lost

Rejoining the realm…

Still unreachable

The connection could not be restored.

Session expired

The server has moved on; the page needs a fresh start.